 Dungeon Crawl Stone Soup version 0.31.0-32-g396128a36d (webtiles) character file.

Game seed: 18268207807943243637

2579 hawla the Slicer (level 9, -3/45 (49) HPs)
             Began as a Deep Elf Fire Elementalist on Apr 12, 2024.
             Slain by a wight
             ... wielding a +0 trident
              (4 damage)
             ... on level 7 of the Dungeon.
             The game lasted 00:11:25 (5786 turns).

hawla the Slicer (Deep Elf Fire Elementalist)       Turns: 5786, Time: 00:11:26

HP:   -3/45 (49)    AC:  5    Str:  5    XL:     9   Next: 32%
MP:   1/14          EV: 13    Int: 31    God:
Gold: 76            SH:  0    Dex: 21    Spells: 4/14 levels left

rFire   + + .        g - +4 dagger (flame)
rCold   . . .        (no shield)
rNeg    . . .        a - +1 robe
rPois   .            m - +0 helmet
rElec   .            (no cloak)
rCorr   .            (no gloves)
SInv    .            c - +0 pair of boots
Will    +....        (no amulet)
Stlth   +++          h - ring of Fun {*Corrode rF++ Will+++ Dex+6 Stlth+}
HPRegen 0.27/turn    o - +6 ring of intelligence
MPRegen 0.14/turn

%: corrode self (3%), clarity
@: weak-willed, drained
A: clarity, low MP 1, sense surroundings 1, robust 1
a: no special abilities


You were on level 7 of the Dungeon.
You visited 1 branch of the dungeon, and saw 7 of its levels.

You collected 307 gold pieces.
You spent 231 gold pieces at shops.

Inventory:

Hand Weapons
 g - a +4 dagger of flaming (weapon)
Armour
 a - a +1 robe (worn)
 c - a +0 pair of boots (worn)
 m - a +0 helmet (worn)
Jewellery
 h - the ring of Fun (left hand) {*Corrode rF++ Will+++ Dex+6 Stlth+}
   (You found it on level 3 of the Dungeon)

   [ring of dexterity]

   Dex+6:     It affects your dexterity (+6).
   rF++:      It greatly protects you from fire.
   Will+++:   It greatly increases your willpower.
   *Corrode:  It may corrode you when you take damage.
   Stlth+:    It makes you more stealthy.
 l - a ring of fire
 o - a +6 ring of intelligence (right hand)
 v - a ring of willpower
Wands
 j - a wand of flame (6) (quivered)
 s - a wand of polymorph (8)
Scrolls
 d - a scroll of fog
 f - a scroll of enchant armour
 n - a scroll of poison
 u - a scroll of fear {unknown}
Potions
 r - a potion of enlightenment
 t - a potion of mutation


   Skills:
 + Level 8.7 Short Blades
 - Level 2.4 Dodging
 - Level 2.4 Stealth
 - Level 3.0 Spellcasting
 - Level 6.9 Conjurations
 - Level 2.2 Translocations
 - Level 7.7 Fire Magic
 + Level 0.0 Evocations


You had 4 spell levels left.
You knew the following spells:

 Your Spells              Type           Power      Damage    Failure   Level
a - Foxfire               Conj/Fire      100%       2x1d9     1%          1
b - Scorch                Fire           100%       2d9       1%          2
c - Flame Wave            Conj/Fire      50%        2d12      3%          4
d - Blink                 Tloc           36%        N/A       4%          2
e - Apportation           Tloc           36%        N/A       2%          1

Your spell library contained the following spells:

 Spells                   Type           Power      Damage    Failure   Level
 Momentum Strike          Conj/Tloc      66%        3d9       1%          2
 Volatile Blastmotes      Fire/Tloc      70%        2d15      2%          3
 Lesser Beckoning         Tloc           36%        N/A       4%          2
 Inner Flame              Hex/Fire       28%        N/A       4%          3
 Summon Small Mammal      Summ           16%        N/A       7%          1
 Ensorcelled Hibernation  Hex/Ice        8%         N/A       10%         2
 Jinxbite                 Hex            8%         N/A       10%         2
 Summon Blazeheart Golem  Fire/Summ      28%        N/A       14%         4
 Call Canine Familiar     Summ           4%         N/A       21%         3
 Fugue of the Fallen      Necr           4%         N/A       21%         3
 Ozocubu's Armour         Ice            4%         N/A       21%         3
 Passwall                 Erth           4%         N/A       21%         3
 Swiftness                Air            4%         N/A       21%         3
 Manifold Assault         Tloc           18%        N/A       26%         4
 Alistair's Intoxication  Alch           2%         N/A       88%         5


Dungeon Overview and Level Annotations

Branches:
Dungeon (7/15)
 Temple: D:4-7

Altars:
Kikubaaqudgha
Okawaru
Sif Muna
Zin

Shops:
D:5 *


Innate Abilities, Weirdness & Mutations

You possess an exceptional clarity of mind.
Your magical capacity is low. (-10% MP)
You passively map a small area around you.
You are robust. (+10% HP)


Message History

Aiming: Throw Flame
Press: ? - help, Shift-Dir - straight line, f/p - wight
Aim: a wight, wielding a +0 trident and wearing a +0 robe (lightly damaged, 68% to hit)
The puff of flame misses the wight.
The wight hits you but does no damage.
Aiming: Throw Flame
Press: ? - help, Shift-Dir - straight line, f/p - wight
Aim: a wight, wielding a +0 trident and wearing a +0 robe (lightly damaged, 68% to hit)
The puff of flame hits the wight.
The wight is moderately damaged.
The wight hits you from afar with a +0 trident!
* * * LOW HITPOINT WARNING * * *
Casting: Foxfire (safe; 1% risk of failure)
Confirm with . or Enter, or press ? or * to list all spells.
You conjure some foxfire!
The wight hits you but does no damage.
The foxfire hits the wight.
The wight is heavily damaged.
The foxfire hits the wight!
The wight is almost destroyed.
The wight hits you from afar with a +0 trident.
* * * LOW HITPOINT WARNING * * *
You feel drained.
* * * LOW HITPOINT WARNING * * *
It was a potion of cancellation.
Your magical effects are unravelling.
You feel magically purged.
You feel less wooden.
Your +0 helmet unmelds from your body.
Your +0 pair of boots unmelds from your body.
Your +1 robe unmelds from your body.
Your enlightenment fades.
The wight barely misses you.
Okay, then.
As you read the scroll labelled VAROAS YMUS, it crumbles to dust.
A wave of despondency washes over your surroundings.
It was a scroll of vulnerability.
The wight hits you from afar with a +0 trident.
* * * LOW HITPOINT WARNING * * *
You feel drained.
The wight hits you from afar with a +0 trident.
You die...

, * , * * * * , * .
,* * ## , ** # *#.##
## **, .. #.#,#.#.#.#
, +######.##. ....#*
* * .......z#.. ....
,# * ....Y...##.
#...##.# ,
........†..##.##....#
, ........##.).#
#@##, ,
........#..z.###..#,
~
........##..≈..z.##,
, ,
........#.#.#.#.#.# ,
~ .###..#.#####.#####
.# ####.B....... .. *
*#......#., , * * , ~
... #.....<#.. ,*
...# #.†...## ..**


You could see a wight (weak-willed).

Vanquished Creatures
  Sigmund (D:4)
  A yak (D:7)
  2 water moccasins
  2 sky beasts (D:7)
  3 black bears
  A centaur (D:7)
  A phantom (D:6)
  3 kobold brigands (D:6)
  3 bullfrogs
  3 scorpions
  2 jellies
  2 hounds
  4 bombardier beetles
  3 sleepcaps
  2 iguanas
  A gnoll (D:7)
  5 adders
  2 ufetubi (D:6)
  A dart slug (D:2)
  A ribbon worm (D:2)
  5 orcs
  2 ball pythons
  6 endoplasms
  4 giant cockroaches
  9 goblins
  10 hobgoblins
  9 kobolds
  5 quokkas
  2 bats (D:1)
  2 frilled lizards
  3 rats
100 creatures vanquished.

Vanquished Creatures (collateral kills)
  An ice beast (D:7)
  A gnoll bouda (D:7)
  2 gnolls (D:7)
4 creatures vanquished.

Vanquished Creatures (others)
  A kobold demonologist (D:6)
  240 foxfires
241 creatures vanquished.

Grand Total: 345 creatures vanquished

Notes
Turn   | Place    | Note
-------+----------+-------------------------------------------
     0 | D:1      | hawla the Deep Elf Fire Elementalist began the quest for
                  | the Orb.
     0 | D:1      | Reached XP level 1. HP: 10/10 MP: 6/6
   345 | D:1      | Reached XP level 2. HP: 15/15 MP: 5/8
   881 | D:2      | Reached XP level 3. HP: 19/19 MP: 3/9
   886 | D:2      | Learned a level 2 spell: Scorch
  1202 | D:2      | You fall into a shaft and drop 2 floors!
  1259 | D:4      | Reached XP level 4. HP: 24/24 MP: 4/10
  1321 | D:4      | Learned a level 4 spell: Flame Wave
  1341 | D:4      | Noticed a black bear
  1347 | D:4      | Killed a black bear
  1348 | D:4      | Reached skill level 5 in Fire Magic
  1348 | D:4      | Reached XP level 5. HP: 28/28 MP: 4/11
  1486 | D:4      | Noticed Sigmund
  1496 | D:4      | Killed Sigmund
  1497 | D:4      | Reached XP level 6. HP: 22/32 MP: 1/12
  1616 | D:4      | Reached skill level 5 in Conjurations
  1993 | D:3      | Reached XP level 7. HP: 36/36 MP: 7/13
  2071 | D:3      | Identified the ring of Fun {*Corrode rF++ Will+++ Dex+6
                  | Stlth+}
  2226 | D:2      | Found a faded altar of an unknown god.
  2897 | D:4      | Gained mutation: You passively map a small area around you.
                  | [potion of mutation]
  2897 | D:4      | Gained mutation: You possess an exceptional clarity of
                  | mind. [potion of mutation]
  2897 | D:4      | Gained mutation: Your magical capacity is low. (-10% MP)
                  | [potion of mutation]
  2897 | D:4      | Gained mutation: You are robust. (+10% HP) [potion of
                  | mutation]
  3566 | D:5      | Entered Level 5 of the Dungeon
  3670 | D:5      | HP: 1/39 [acid (10)]
  4025 | D:5      | Found Xem Vaxu's General Store.
  4032 | D:5      | Bought a scroll of summoning for 133 gold pieces
  4032 | D:5      | Bought a scroll of identify for 28 gold pieces
  4032 | D:5      | Bought a potion of heal wounds for 70 gold pieces
  4204 | D:5      | Found an iron altar of Okawaru.
  4215 | D:5      | Found an ancient bone altar of Kikubaaqudgha.
  4218 | D:5      | Found a glowing silver altar of Zin.
  4221 | D:5      | Found a shimmering blue altar of Sif Muna.
  4409 | D:6      | Learned a level 2 spell: Blink
  4418 | D:6      | Learned a level 1 spell: Apportation
  4517 | D:6      | Reached skill level 1 in Translocations
  4540 | D:6      | Reached skill level 1 in Short Blades
  4540 | D:6      | Reached XP level 8. HP: 45/45 MP: 0/13
  4658 | D:6      | Reached skill level 2 in Short Blades
  5137 | D:6      | Reached skill level 3 in Short Blades
  5157 | D:6      | Noticed a kobold demonologist
  5166 | D:6      | Killed a kobold demonologist
  5167 | D:6      | Reached skill level 5 in Short Blades
  5169 | D:6      | Reached skill level 6 in Short Blades
  5437 | D:7      | Reached skill level 7 in Short Blades
  5582 | D:7      | Reached XP level 9. HP: 49/49 MP: 11/14
  5610 | D:7      | Reached skill level 8 in Short Blades
  5785 | D:7      | HP: 1/47 [wight/+0 trident (3)]
  5786 | D:7      | Slain by a wight

Illustrated notes

Levels and vault maps discovered:
D:1:      minmay_arrival_split_and_join, layout_basic
D:2:      layout_basic, shapermc_ecumenical_altar_venn
D:3:      layout_rooms
D:4:      layout_basic, uniq_sigmund
D:5:      layout_loops_ring, grunt_temple_overflow_cloverleaf, serial_shops,
          nicolae_shop_just_a_little_nook
D:6:      layout_loops_ring
D:7:      minmay_the_grid_plus [minmay_the_grid_tiny_cups,
          minmay_the_grid_spikes, minmay_the_grid_minigrid_medium,
          minmay_the_grid_pillar_ring, minmay_the_grid_prize_diamond_cup],
          layout_gridville, temple_pool_b, uniq_crazy_yiuf_cottage,
          uniq_prince_ribbit1, uniq_pikel

Skill      XL: |  1  2  3  4  5  6  7  8  9 |
---------------+----------------------------+-----
Conjurations   | 2 3 4 5 6 |  6.9
Fire Magic     | 4 5 6 7 |  7.7
Translocations | 2 |  2.2
Short Blades   | 1 7 8 |  8.7
Dodging        | |  2.4
Stealth        | |  2.4
Spellcasting   | |  3.0

Action                     |  1- 3 |  4- 6 |  7- 9 || total
---------------------------+-------+-------+-------++-------
  Melee: Unarmed           |     2 |       |       ||     2
         Dagger            |       |       |    47 ||    47
         Punch             |       |       |     1 ||     1
   Cast: Foxfire           |    56 |    21 |    59 ||   136
         Scorch            |       |    13 |    32 ||    45
         Flame Wave        |       |     1 |     3 ||     4
  Evoke: Wand              |       |       |     5 ||     5
    Use: Scroll            |     2 |       |    12 ||    14
         Potion            |       |     1 |     8 ||     9
   Stab: Sleeping          |       |       |     7 ||     7
 Armour: Robe              |     4 |    14 |    62 ||    80
         Skin              |       |       |     4 ||     4
  Dodge: Dodged            |     3 |    13 |    57 ||    73
